[Event "Titled Tuesday Blitz October 18 Late 2022"]
[White "Aldokhin, Ivan"]
[Black "Petrovic, Aleksa"]
[WhiteFideId "24115720"]
[BlackFideId "967629"]
[WhiteElo "2313"]
[BlackElo "2242"]
[Result "1-0"]
[Round "11"]
[TimeControl "180+1"]
[Date "2022.10.19"]
[WhiteClock "0:00:45"]
[BlackClock "0:00:09"]

1. e4 c6 2. Nf3 d5 3. Nc3 Bg4 4. h3 Bxf3 5. Qxf3 e6 6. g4 Nf6 7. Bg2 Nbd7 8. O-O Be7 9. d4 O-O 10. e5 Ne8 11. Ne2 c5 12. c3 Bg5 13. Qg3 Bxc1 14. Raxc1 cxd4 15. cxd4 Nc7 16. f4 Na6 17. f5 Qb6 18. Qa3 Nxe5 19. Kh1 Nc4 20. Qe7 Ne3 21. Qg5 Nxf5 22. gxf5 exf5 23. Nf4 Qxd4 24. Nxd5 Qxb2 25. Rb1 Qd4 26. Ne7+ Kh8 27. Nxf5 Qe5 28. Rfe1 Qc3 29. Re3 Qf6 30. Qxf6 gxf6 31. Rxb7 Nc5 32. Rb5 Rac8 33. Ne7 Rc7 34. Nd5 Rc6 35. Rc3 a6 36. Rbxc5 1-0


[Site "https://www.chess.com"]

[Event "Titled Tuesday Blitz October 18 Late 2022"]
[White "Andreikin, Dmitry"]
[Black "Guliyev, Namig"]
[WhiteFideId "4158814"]
[BlackFideId "13400363"]
[WhiteElo "2736"]
[BlackElo "2526"]
[Result "1-0"]
[Round "11"]
[TimeControl "180+1"]
[Date "2022.10.18"]
[WhiteClock "0:01:43"]
[BlackClock "0:00:13"]

1. c4 e6 2. Nc3 d5 3. d4 Nf6 4. cxd5 exd5 5. Bg5 Be7 6. e3 c6 7. Bd3 h6 8. Bh4 Ne4 9. Bxe7 Qxe7 10. Bxe4 dxe4 11. Nge2 O-O 12. Nf4 Nd7 13. Qb3 Kh7 14. g4 g5 15. Nh5 Nf6 16. Nxf6+ Qxf6 17. Qc2 Qg6 18. h4 gxh4 19. O-O-O Bxg4 20. Rdg1 f5 21. Rxh4 Rae8 22. Rgh1 h5 23. Ne2 Qg5 24. Nf4 Kg8 25. Nxh5 Bf3 26. Qb3+ Rf7 27. Nf6+ Qxf6 28. Rh8+ Kg7 29. R1h7+ Kg6 30. Rh6+ Kg5 31. Rxf6 1-0


[Site "https://www.chess.com"]

[Event "Titled Tuesday Blitz October 18 Late 2022"]
[White "Arnold, Ken"]
[Black "Kirillov, Dmitry"]
[WhiteFideId "2056836"]
[BlackFideId "34180572"]
[WhiteElo "2318"]
[BlackElo "2095"]
[Result "0-1"]
[Round "11"]
[TimeControl "180+1"]
[Date "2022.10.19"]
[WhiteClock "0:00:12"]
[BlackClock "0:00:11"]

1. d4 d5 2. c4 e6 3. Nf3 c6 4. Nc3 dxc4 5. a4 Bb4 6. e4 b5 7. axb5 cxb5 8. Bd2 Bxc3 9. Bxc3 Nf6 10. Qc2 O-O 11. b3 cxb3 12. Qxb3 Nxe4 13. Bb4 Re8 14. Bxb5 Bd7 15. Bd3 Nf6 16. g4 Nc6 17. Bc5 Rb8 18. Qc2 g6 19. h4 Nd5 20. h5 Ncb4 21. Qd2 Nxd3+ 22. Qxd3 Bb5 23. Qe4 Qf6 24. hxg6 hxg6 25. g5 Qf4 26. Qe5 f6 27. Qxf4 Nxf4 28. gxf6 Nd3+ 29. Kd2 Nxc5 30. dxc5 Rf8 31. Rxa7 Rxf6 32. Ne5 Rd8+ 33. Ke1 Rd5 34. f4 Rxf4 35. Nxg6 Re4+ 36. Kf2 Rf5+ 37. Kg3 Re3+ 38. Kg4 Be2+ 39. Kh4 Rh5# 0-1


[Site "https://www.chess.com"]

[Event "Titled Tuesday Blitz October 18 Late 2022"]
[White "Ballester Llagaria, Luis Eduardo"]
[Black "Tsaruk, Maksim"]
[WhiteFideId "2297620"]
[BlackFideId "13511173"]
[WhiteElo "2344"]
[BlackElo "2273"]
[Result "0-1"]
[Round "11"]
[TimeControl "180+1"]
[Date "2022.10.18"]
[WhiteClock "0:00:22"]
[BlackClock "0:00:41"]

1. e4 c5 2. Nc3 d6 3. Nge2 Nf6 4. d4 cxd4 5. Nxd4 a6 6. h3 e5 7. Nb3 Be7 8. g4 h6 9. Be3 Be6 10. Qf3 Nc6 11. O-O-O Nh7 12. Nd5 Bg5 13. Kb1 Bxe3 14. Qxe3 Bxd5 15. exd5 Ne7 16. h4 Nf6 17. Qf3 Qd7 18. g5 Qg4 19. Be2 Qxf3 20. Bxf3 Nd7 21. Na5 O-O-O 22. Nc4 Kc7 23. Ne3 g6 24. c4 a5 25. b3 Nc5 26. Kb2 Rdf8 27. Ng4 Nf5 28. gxh6 Nxh6 29. Nxh6 Rxh6 30. Rdg1 Rfh8 31. Rg4 f5 32. Rg5 Rxh4 33. Rxh4 Rxh4 34. Rxg6 Rf4 35. Rg7+ Kb6 36. Bh5 Rxf2+ 37. Ka3 Nd3 38. Rd7 Nb4 39. c5+ Kxc5 40. Rc7+ Kb6 0-1


[Site "https://www.chess.com"]

[Event "Titled Tuesday Blitz October 18 Late 2022"]
[White "Barria Zuniga, Daniel"]
[Black "Manukian, Artak"]
[WhiteFideId "3400816"]
[BlackFideId "13301373"]
[WhiteElo "2414"]
[BlackElo "2496"]
[Result "0-1"]
[Round "11"]
[TimeControl "180+1"]
[Date "2022.10.18"]
[WhiteClock "0:00:03"]
[BlackClock "0:00:20"]

1. d4 d5 2. c4 dxc4 3. Nf3 Nf6 4. e3 e6 5. Bxc4 c5 6. O-O a6 7. Nc3 b5 8. Bb3 Bb7 9. Re1 Be7 10. e4 cxd4 11. Nxd4 O-O 12. e5 Nd5 13. Qg4 Nxc3 14. bxc3 Re8 15. h4 Bf8 16. h5 Nc6 17. Bh6 Nxd4 18. cxd4 Kh8 19. Bg5 Be7 20. Bxe7 Qxe7 21. Rad1 Rad8 22. Rd3 Bd5 23. Rg3 Rg8 24. Rc1 Bxb3 25. Rxb3 h6 26. Rbc3 Qb4 27. Rd3 Rc8 28. Rcd1 Rgd8 29. Qf3 Kg8 30. d5 Rxd5 31. Rxd5 exd5 32. Qxd5 Re8 33. Rc1 Qe7 34. Rc5 Qe6 35. Qxe6 Rxe6 36. f4 Rb6 37. Kf2 a5 38. Ke3 b4 39. Kd3 a4 40. Kc2 b3+ 41. axb3 Rxb3 42. Rc8+ Kh7 43. Ra8 Rg3 44. Rxa4 Rxg2+ 45. Kd3 Rh2 46. Ra7 Kg8 47. Ra8+ Kh7 48. Ra7 Kg8 49. Ra8+ Kh7 50. Rf8 Rxh5 51. Rxf7 Kg8 52. Rd7 Rh1 53. Ke4 g6 0-1


[Site "https://www.chess.com"]

[Event "Titled Tuesday Blitz October 18 Late 2022"]
[White "Becerra, Juan David"]
[Black "Harvey, Marcus R"]
[WhiteFideId "4404998"]
[BlackFideId "400092"]
[WhiteElo "2278"]
[BlackElo "2457"]
[Result "1-0"]
[Round "11"]
[TimeControl "180+1"]
[Date "2022.10.18"]
[WhiteClock "0:01:51"]
[BlackClock "0:00:02"]

1. d4 Nf6 2. c4 c6 3. Nc3 d5 4. cxd5 cxd5 5. Bf4 e6 6. e3 Bd6 7. Bg3 O-O 8. Nf3 Nc6 9. Bd3 Nb4 10. Bb1 a6 11. Ne5 Qc7 12. f4 Nc6 13. O-O Ne7 14. Bh4 Ne8 15. Rf3 f5 16. Bxe7 Qxe7 17. Bd3 Bd7 18. Rc1 Nf6 19. Rf2 Bxe5 20. dxe5 Ng4 21. Rf3 Rac8 22. h3 Nxe3 23. Rxe3 d4 24. Rg3 dxc3 25. Rxc3 Rxc3 26. bxc3 Bc6 27. Bc4 b5 28. Bb3 Rd8 29. Rd3 Rxd3 30. Qxd3 Kf7 31. Qxf5+ Ke8 32. Qxe6 Qxe6 33. Bxe6 a5 34. Kf2 Ke7 35. Bg8 Be4 36. g4 g5 37. f5 b4 38. cxb4 axb4 39. f6+ Kf8 40. Bb3 h6 41. e6 1-0


[Site "https://www.chess.com"]

[Event "Titled Tuesday Blitz October 18 Late 2022"]
[White "Bettalli, Francesco"]
[Black "Izuzquiza Gonzalez, Javier"]
[WhiteFideId "2816453"]
[BlackFideId "3101029"]
[WhiteElo "2216"]
[BlackElo "2034"]
[Result "1-0"]
[Round "11"]
[TimeControl "180+1"]
[Date "2022.10.19"]
[WhiteClock "0:00:32"]
[BlackClock "0:00:17"]

1. d4 Nf6 2. Nc3 d5 3. Bg5 Nbd7 4. Qd3 c6 5. O-O-O b5 6. e4 dxe4 7. Nxe4 Nxe4 8. Qxe4 Qa5 9. Kb1 Bb7 10. Nf3 e6 11. Ne5 Nf6 12. Bxf6 gxf6 13. Nxc6 Qb6 14. d5 Be7 15. Nxe7 Kxe7 16. d6+ Kd7 17. Qf4 f5 18. Qe5 Bd5 19. Rxd5 exd5 20. Qxd5 a6 21. Qxf5+ Kxd6 22. Be2 Kc7 23. Qxf7+ Kc6 24. Bf3+ Kc5 25. Qd5+ Kb4 26. a3+ Ka5 27. b4+ 1-0


[Site "https://www.chess.com"]

[Event "Titled Tuesday Blitz October 18 Late 2022"]
[White "Bilych, Olexiy"]
[Black "Rustemov, Alexander"]
[WhiteFideId "14156504"]
[BlackFideId "4119002"]
[WhiteElo "2320"]
[BlackElo "2761"]
[Result "0-1"]
[Round "11"]
[TimeControl "180+1"]
[Date "2022.10.18"]
[WhiteClock "0:00:47"]
[BlackClock "0:00:59"]

1. d4 d5 2. c4 c6 3. Nf3 Nf6 4. Nc3 a6 5. Qc2 b5 6. e4 dxc4 7. b3 cxb3 8. axb3 e6 9. e5 Nd5 10. Nxd5 cxd5 11. Bxb5+ Bd7 12. Bd3 Nc6 13. Bxh7 Nb4 14. Qb1 Bb5 15. Ng5 Qc7 16. Bg6 Qc3+ 17. Bd2 Qxd4 18. Be3 Qc3+ 19. Bd2 Qxe5+ 20. Be3 fxg6 21. Qxg6+ Kd7 22. Rc1 Nd3+ 23. Kd1 Nxc1 24. Nf3 Be2+ 25. Kxc1 Qc3+ 26. Qc2 Ba3+ 0-1


[Site "https://www.chess.com"]

[Event "Titled Tuesday Blitz October 18 Late 2022"]
[White "Bongo Akanga Ndjila, Barthelemy"]
[Black "Alexikov, Alexander"]
[WhiteFideId "10609431"]
[BlackFideId "14103958"]
[WhiteElo "1768"]
[BlackElo "2222"]
[Result "1-0"]
[Round "11"]
[TimeControl "180+1"]
[Date "2022.10.19"]
[WhiteClock "0:00:05"]
[BlackClock "0:00:01"]

1. d4 Nf6 2. c4 g6 3. Nc3 Bg7 4. e4 d6 5. Be2 O-O 6. Nf3 e5 7. O-O Nbd7 8. d5 a5 9. Qc2 c6 10. dxc6 bxc6 11. Rd1 Qe7 12. h3 Nc5 13. Be3 Ne6 14. Qd2 Rd8 15. Bh6 Bh8 16. Ng5 Nd4 17. Rf1 Nd7 18. f4 f6 19. Nf3 Ne6 20. Rad1 Ndc5 21. f5 Nc7 22. g4 Bg7 23. b3 g5 24. Bxg7 Qxg7 25. Qe3 N7a6 26. Rd2 Ra7 27. Rfd1 Rad7 28. Ne1 h6 29. Nd3 Nxd3 30. Rxd3 Nb4 31. R3d2 Bb7 32. Qb6 Na6 33. Qxa5 Nc5 34. b4 Ra8 35. Qb6 Ra6 36. Qxa6 Nxa6 37. b5 Nc5 38. Rxd6 Qe7 39. Rxd7 Nxd7 40. bxc6 Bxc6 41. Nd5 Qc5+ 42. Kg2 Kf7 43. Rd2 Qa5 44. Rd1 Qxa2 45. Kf3 Nc5 46. Nc3 Qb3 47. Rc1 Qb2 48. Na2 Qxa2 49. Rd1 Qb3+ 50. Kf2 Bxe4 51. Ke1 Nd3+ 52. Bxd3 Bxd3 53. Kd2 e4 54. Rc1 Qb4+ 55. Ke3 1-0


[Site "https://www.chess.com"]

[Event "Titled Tuesday Blitz October 18 Late 2022"]
[White "Brown, Andrew"]
[Black "Gonzalez Vega, Alejandro"]
[WhiteFideId "3206513"]
[BlackFideId "3510042"]
[WhiteElo "2245"]
[BlackElo "2268"]
[Result "0-1"]
[Round "11"]
[TimeControl "180+1"]
[Date "2022.10.19"]
[WhiteClock "0:00:09"]
[BlackClock "0:00:14"]

1. d4 d5 2. c4 e6 3. Nc3 Nf6 4. Nf3 Bb4 5. Bg5 Nbd7 6. e3 c5 7. cxd5 exd5 8. Bd3 Qa5 9. O-O c4 10. Bf5 h6 11. Bh4 Bxc3 12. bxc3 O-O 13. Qc2 Re8 14. a4 Ne4 15. Nd2 Ndf6 16. Nxe4 Nxe4 17. Bxc8 Raxc8 18. Rfc1 Rc6 19. Rab1 Rb6 20. Rxb6 Qxb6 21. f3 Nd6 22. Rb1 Qc6 23. a5 Rxe3 24. Bg3 Nb5 25. Qd2 Rd3 26. Qf4 Rxc3 27. Re1 Rd3 28. h4 Rxd4 29. Qf5 a6 30. Re7 Qf6 31. Qxf6 gxf6 32. Rxb7 c3 33. Bf2 Rc4 34. Be3 d4 35. Bxh6 d3 36. Rd7 d2 37. Bxd2 cxd2 38. Rxd2 Ra4 39. Rd8+ Kg7 40. Rb8 Rxa5 41. g4 Ra2 42. Rb6 Nd4 43. f4 Nf3+ 44. Kf1 Nxh4 45. g5 fxg5 46. fxg5 Ng6 47. Rc6 a5 48. Rd6 Ne5 49. Ra6 a4 50. Ke1 a3 51. Kd1 Nc4 52. Kc1 Ne3 53. Rc6 Rc2+ 54. Rxc2 Nxc2 55. Kxc2 Kg6 56. Kb3 Kxg5 57. Kxa3 f5 58. Kb2 Kf4 59. Kc1 Ke3 60. Kd1 Kf2 61. Kd2 f4 0-1


[Site "https://www.chess.com"]

[Event "Titled Tuesday Blitz October 18 Late 2022"]
[White "Can, Melih Kaan"]
[Black "Ezat, Mohamed"]
[WhiteFideId "6317383"]
[BlackFideId "10600906"]
[WhiteElo "2029"]
[BlackElo "2386"]
[Result "0-1"]
[Round "11"]
[TimeControl "180+1"]
[Date "2022.10.19"]
[WhiteClock "0:00:43"]
[BlackClock "0:01:34"]

1. d4 Nf6 2. c4 e6 3. Nc3 d5 4. cxd5 Nxd5 5. e4 Nxc3 6. bxc3 c5 7. Nf3 cxd4 8. cxd4 Bb4+ 9. Bd2 Bxd2+ 10. Qxd2 O-O 11. Bd3 Nc6 12. e5 Qa5 13. Qxa5 Nxa5 14. O-O b6 15. Be4 Rb8 16. d5 Bb7 17. Rfd1 Rfd8 18. Rac1 exd5 19. Bf5 g6 20. Bd3 Rbc8 21. Nd4 Rc5 22. e6 Kf8 23. f4 Rdc8 24. Rb1 Nc6 25. Nxc6 R8xc6 26. exf7 Kxf7 27. f5 g5 28. Be2 Rc2 29. Bf3 R6c5 30. a4 Kf6 31. g4 h5 32. h3 R5c3 33. Bxd5 Rg3+ 34. Kf1 Ba6+ 35. Rb5 Bxb5+ 36. axb5 Rxh3 37. gxh5 Kxf5 38. Re1 Rd2 39. Be4+ Kf4 40. Bg2 Re3 41. Ra1 Kg3 42. Bc6 Red3 43. Ke1 Rf2 44. Rxa7 Re3+ 45. Kd1 Rb3 46. Ke1 Rb1# 0-1


[Site "https://www.chess.com"]

[Event "Titled Tuesday Blitz October 18 Late 2022"]
[White "Chan, Kim Yew"]
[Black "Ibadov, Dashgyn"]
[WhiteFideId "5717981"]
[BlackFideId "24107514"]
[WhiteElo "2206"]
[BlackElo "2208"]
[Result "1-0"]
[Round "11"]
[TimeControl "180+1"]
[Date "2022.10.19"]
[WhiteClock "0:00:17"]
[BlackClock "0:00:01"]

1. Nf3 d5 2. e3 Nf6 3. c4 c6 4. Nc3 g6 5. d4 Bg7 6. Be2 O-O 7. O-O Bg4 8. cxd5 Nxd5 9. h3 Bf5 10. Qb3 Nxc3 11. bxc3 b6 12. a4 Nd7 13. a5 c5 14. Nd2 e5 15. e4 Bxh3 16. d5 Qg5 17. Bf3 Bg4 18. Nc4 Qh5 19. Bxg4 Qxg4 20. axb6 axb6 21. f3 Qg3 22. Rxa8 Rxa8 23. Nxb6 Rb8 24. Qa4 Nxb6 25. Qa7 Ra8 26. Qxb6 h5 27. Be3 Ra2 28. Bf2 Qf4 29. Qxc5 h4 30. Qe3 Qxe3 31. Bxe3 Rc2 32. Bf2 Rxc3 33. Bxh4 1-0


[Site "https://www.chess.com"]

[Event "Titled Tuesday Blitz October 18 Late 2022"]
[White "Cosoi Scherzer, Alejandro"]
[Black "Joubert, Dantelle"]
[WhiteFideId "3401430"]
[BlackFideId "14310813"]
[WhiteElo "1967"]
[BlackElo "1507"]
[Result "1-0"]
[Round "11"]
[TimeControl "180+1"]
[Date "2022.10.19"]
[WhiteClock "0:00:03"]
[BlackClock "0:00:01"]

1. e4 e5 2. Nf3 Nc6 3. Bb5 Nf6 4. d3 Bc5 5. c3 O-O 6. O-O d6 7. h3 Bb6 8. Nbd2 Ne7 9. Re1 Ng6 10. Nf1 a6 11. Ba4 Nh5 12. Nxe5 Nxe5 13. Qxh5 Nxd3 14. Re2 Nxc1 15. Rxc1 Qf6 16. Ng3 g6 17. Qh6 Be6 18. a3 Bc4 19. Rd2 Qg7 20. Qxg7+ Kxg7 21. Re1 Ba7 22. e5 b5 23. Bc2 Rae8 24. b3 Be6 25. exd6 cxd6 26. Rxd6 Bc8 27. Rxe8 Rxe8 28. Rd1 h5 29. Ne4 Bf5 30. Nd6 Re2 31. Nxf5+ gxf5 32. Bd3 Rxf2 33. Kh1 f4 34. c4 bxc4 35. Bxc4 f3 36. gxf3 Rxf3 37. Rb1 Rxh3+ 38. Kg2 Rc3 39. Be2 Rc2 40. Kf3 h4 41. b4 Rc3+ 42. Kg4 h3 43. Bxa6 h2 44. Bb7 Rxa3 45. b5 Bg1 46. Bc6 Rc3 47. Bh1 Rc4+ 48. Kf5 Rc5+ 49. Kf4 Rc8 50. b6 Rb8 51. b7 Kf6 52. Kg3 Ke7 53. Rb3 Kd6 54. Kf4 Kc7 55. Ke5 Bf2 56. Rb1 Bg1 57. Kf6 Bf2 58. Kxf7 Bg1 59. Ke6 Bb6 60. Rc1+ Kd8 61. Rd1+ Ke8 62. Rb1 Kd8 63. Rxb6 Kc7 64. Rb1 Re8+ 65. Kf5 Rg8 66. Kf4 1-0


[Site "https://www.chess.com"]

[Event "Titled Tuesday Blitz October 18 Late 2022"]
[White "Czernek, Tymon"]
[Black "Remolar Gallen, Jose"]
[WhiteFideId "1199510"]
[BlackFideId "2215187"]
[WhiteElo "2240"]
[BlackElo "2214"]
[Result "1-0"]
[Round "11"]
[TimeControl "180+1"]
[Date "2022.10.18"]
[WhiteClock "0:00:49"]
[BlackClock "0:00:02"]

1. e4 c5 2. Nf3 d6 3. d4 cxd4 4. Nxd4 Nf6 5. Nc3 a6 6. Bc4 e6 7. O-O Be7 8. f4 O-O 9. a4 Qc7 10. Bb3 Nc6 11. Be3 Bd7 12. Qf3 Nxd4 13. Bxd4 Bc6 14. Rae1 Rad8 15. Qg3 d5 16. exd5 exd5 17. Kh1 Kh8 18. Be5 Qd7 19. Ne2 Rg8 20. Nd4 Ne4 21. Rxe4 dxe4 22. Bxf7 Bf6 23. Bxg8 Bxe5 24. fxe5 Qxd4 25. Bb3 e3 26. e6 e2 27. Re1 Qd1 28. c4 Qd3 29. e7 Rd4 30. Qb8+ 1-0


[Site "https://www.chess.com"]

[Event "Titled Tuesday Blitz October 18 Late 2022"]
[White "Daeschler, Florian"]
[Black "Saravana, Krishnan P."]
[WhiteFideId "20678193"]
[BlackFideId "5018382"]
[WhiteElo "2187"]
[BlackElo "2155"]
[Result "0-1"]
[Round "11"]
[TimeControl "180+1"]
[Date "2022.10.19"]
[WhiteClock "0:02:13"]
[BlackClock "0:01:13"]

1. e4 c6 2. Nf3 d5 3. Nc3 Bg4 4. h3 Bxf3 5. Qxf3 e6 6. d4 dxe4 7. Nxe4 Nd7 8. Bd3 Ngf6 9. Bf4 Nxe4 10. Qxe4 Nf6 11. Qe2 Qxd4 12. Be5 Qb4+ 13. Bc3 Qb6 14. O-O-O Bb4 15. Bxf6 gxf6 16. Qh5 Qc5 17. Qh4 Qg5+ 18. Qxg5 fxg5 19. c3 Bd6 20. Be4 Ke7 21. Kc2 f5 22. Bf3 Rad8 23. Rhe1 h5 24. Be2 b5 25. c4 a6 26. cxb5 axb5 27. a3 Kf6 28. Kb3 g4 29. h4 Bc5 30. f4 Bf2 31. Rf1 Rxd1 32. Rxd1 Bxh4 33. Rd6 Rc8 34. Kb4 Kf7 35. Rd7+ Be7+ 36. Kc3 h4 37. Kd4 h3 38. gxh3 gxh3 39. Bf3 h2 40. Ke5 Rg8 41. Rd2 Bf6+ 0-1


[Site "https://www.chess.com"]

[Event "Titled Tuesday Blitz October 18 Late 2022"]
[White "De La Colina, Nicolas"]
[Black "D`Arruda, Ricardo D."]
[WhiteFideId "30946921"]
[BlackFideId "100692"]
[WhiteElo "2046"]
[BlackElo "2393"]
[Result "1-0"]
[Round "11"]
[TimeControl "180+1"]
[Date "2022.10.19"]
[WhiteClock "0:00:37"]
[BlackClock "0:00:17"]

1. e4 c5 2. c3 e6 3. Nf3 Nc6 4. Bb5 Nf6 5. d3 Be7 6. O-O d5 7. Nbd2 O-O 8. Re1 Qc7 9. Ba4 Bd7 10. Bc2 dxe4 11. dxe4 Rfd8 12. Qe2 Be8 13. e5 Nd5 14. Nf1 g6 15. h4 h5 16. Ng3 Bf8 17. Qe4 f5 18. exf6 Nxf6 19. Qxe6+ Qf7 20. Qxf7+ Bxf7 21. Ng5 Re8 22. Be3 Ne5 23. Rad1 b6 24. Nxf7 Kxf7 25. Bg5 Ned7 26. Bb3+ Kg7 27. Rxe8 Rxe8 28. Ba4 Re7 29. Bxd7 Rxd7 30. Bxf6+ 1-0


[Site "https://www.chess.com"]

[Event "Titled Tuesday Blitz October 18 Late 2022"]
[White "De Souza, Cristiano Gomes"]
[Black "Burke, Paul"]
[WhiteFideId "2151758"]
[BlackFideId "2605767"]
[WhiteElo "2068"]
[BlackElo "1908"]
[Result "1/2-1/2"]
[Round "11"]
[TimeControl "180+1"]
[Date "2022.10.19"]
[WhiteClock "0:01:17"]
[BlackClock "0:00:48"]

1. d4 Nf6 2. c4 c5 3. d5 Ne4 4. Nd2 Qa5 5. f3 Nf6 6. e4 d6 7. b3 g6 8. Bb2 Bg7 9. Bd3 O-O 10. Ne2 e5 11. Bc3 Qd8 12. O-O Na6 13. a3 Bd7 14. b4 b6 15. b5 Nc7 16. a4 Qe7 17. Ra3 a6 18. Qa1 axb5 19. axb5 Rxa3 20. Qxa3 Ra8 21. Qb2 Qd8 22. Ra1 Rxa1+ 23. Qxa1 Qa8 24. Nb3 Qxa1+ 25. Nxa1 Nh5 26. Bd2 f5 27. g3 fxe4 28. fxe4 Nf6 29. Nc2 Bg4 30. Kf2 Bxe2 31. Kxe2 Ng4 32. h3 Nf6 33. Ne3 Nd7 34. Kf2 Nf6 35. Ng4 Nxg4+ 36. hxg4 Ne8 37. g5 Nc7 38. Be2 Kf8 39. Bg4 Ke7 40. Be3 Bf8 41. Kf3 Bg7 42. Bh3 Bf8 43. Bc8 Bg7 44. Bb7 Bf8 45. Bc6 Bg7 46. Bd2 Kd8 47. Bb7 Ne8 48. Bc6 Nc7 49. Be3 Bf8 50. Kg4 Bg7 51. Bb7 Bf8 52. Bc6 Bg7 53. Bb7 Bf8 54. Bc6 1/2-1/2


[Site "https://www.chess.com"]

[Event "Titled Tuesday Blitz October 18 Late 2022"]
[White "Deac, Bogdan-Daniel"]
[Black "Bluebaum, Matthias"]
[WhiteFideId "1226380"]
[BlackFideId "24651516"]
[WhiteElo "2648"]
[BlackElo "2633"]
[Result "0-1"]
[Round "11"]
[TimeControl "180+1"]
[Date "2022.10.18"]
[WhiteClock "0:00:05"]
[BlackClock "0:00:31"]

1. d4 Nf6 2. c4 e6 3. g3 d5 4. Bg2 Bb4+ 5. Nd2 O-O 6. Nf3 c5 7. cxd5 exd5 8. dxc5 Bxc5 9. O-O Nc6 10. a3 a5 11. b3 Ne4 12. Bb2 Qb6 13. Nxe4 dxe4 14. Ng5 e3 15. Qd3 exf2+ 16. Kh1 g6 17. Rac1 Bf5 18. e4 Rad8 19. Qc2 Be3 20. exf5 Bxg5 21. fxg6 hxg6 22. Qc3 Nd4 23. Rcd1 Bf6 24. b4 axb4 25. axb4 Bg7 26. Qc4 Nf5 27. Rxd8 Rxd8 28. Bxg7 Kxg7 29. Qc3+ Kg8 30. Bf3 Ne3 31. Rxf2 Nd1 0-1


[Site "https://www.chess.com"]

[Event "Titled Tuesday Blitz October 18 Late 2022"]
[White "Decuigniere, Tom"]
[Black "Jaracz, Pawel"]
[WhiteFideId "26093820"]
[BlackFideId "1102222"]
[WhiteElo "2223"]
[BlackElo "2459"]
[Result "0-1"]
[Round "11"]
[TimeControl "180+1"]
[Date "2022.10.18"]
[WhiteClock "0:00:02"]
[BlackClock "0:00:36"]

1. c4 c5 2. Nc3 g6 3. g3 Bg7 4. Bg2 h5 5. h4 Nh6 6. e4 Nc6 7. d3 Ng4 8. f3 Nf6 9. Nge2 d6 10. Be3 O-O 11. d4 b6 12. O-O e5 13. dxe5 dxe5 14. Nd5 Nd4 15. Nxd4 cxd4 16. Bg5 Qd6 17. f4 Ng4 18. Be7 Qd7 19. Bxf8 Kxf8 20. f5 Kg8 21. Bh3 gxf5 22. Rxf5 Nh6 23. Qxh5 Nxf5 24. Bxf5 Qd6 25. Qh7+ Kf8 26. Rf1 Qh6 27. Qxh6 Bxh6 28. g4 Bxf5 29. Rxf5 Rc8 30. g5 Bg7 31. b3 b5 32. h5 bxc4 33. bxc4 Rxc4 34. h6 d3 35. hxg7+ Kxg7 36. Kf2 Rxe4 37. Nc3 Rc4 38. Nd1 Re4 39. Ne3 d2 40. Rf3 Rxe3 41. Kxe3 d1=Q 0-1


[Site "https://www.chess.com"]

[Event "Titled Tuesday Blitz October 18 Late 2022"]
[White "Drost, Peter"]
[Black "Souleidis, Georgios"]
[WhiteFideId "1017896"]
[BlackFideId "4206827"]
[WhiteElo "2388"]
[BlackElo "2401"]
[Result "1-0"]
[Round "11"]
[TimeControl "180+1"]
[Date "2022.10.19"]
[WhiteClock "0:00:18"]
[BlackClock "0:00:02"]

1. e4 c5 2. Nf3 e6 3. d4 cxd4 4. Nxd4 Nf6 5. Nc3 Nc6 6. Nxc6 bxc6 7. e5 Nd5 8. Ne4 Qc7 9. f4 Qb6 10. c4 Ne3 11. Qd3 Bb4+ 12. Ke2 Nxf1 13. Rxf1 Ba6 14. Be3 Qb8 15. Rf3 O-O 16. Nf6+ gxf6 17. exf6 d5 18. b3 dxc4 19. bxc4 Rd8 20. Rg3+ Kh8 21. Qe4 Bf8 22. Rb1 Qd6 23. Rh3 h6 24. f5 exf5 25. Qxf5 Bxc4+ 26. Kf2 Bd3 27. Bxh6 Qd4+ 28. Be3+ 1-0


[Site "https://www.chess.com"]

[Event "Titled Tuesday Blitz October 18 Late 2022"]
[White "Dzierzak, Radoslaw"]
[Black "Kowalysko, Roman"]
[WhiteFideId "1161407"]
[BlackFideId "30918510"]
[WhiteElo "2111"]
[BlackElo "2151"]
[Result "1-0"]
[Round "11"]
[TimeControl "180+1"]
[Date "2022.10.19"]
[WhiteClock "0:01:11"]
[BlackClock "0:00:01"]

1. e4 c5 2. Nf3 d6 3. d4 cxd4 4. Nxd4 Nf6 5. Nc3 g6 6. g3 Nc6 7. Nde2 Bg7 8. Bg2 O-O 9. O-O Qa5 10. h3 Bd7 11. Nd5 Nxd5 12. exd5 Ne5 13. Nd4 Qb6 14. Nb3 Bb5 15. Re1 Nc4 16. a4 Nxb2 17. Bxb2 Bxb2 18. Rb1 Bc3 19. Re3 Bxa4 20. Rxc3 Qd8 21. Nd4 a5 22. Rxb7 Bd7 23. Rcc7 Bc8 24. Nc6 Bxb7 25. Nxd8 Bxd5 26. Bxd5 Raxd8 27. Rxe7 a4 28. Qf3 Rde8 29. Bxf7+ Kg7 30. Bxe8+ Kg8 31. Bf7+ Kg7 32. Qc3+ Kh6 33. Qe3+ Kg7 34. Qd4+ Kh6 35. Qh4+ Kg7 36. Bg8+ Rf7 37. Rxf7+ Kxg8 38. Qxh7# 1-0


[Site "https://www.chess.com"]

[Event "Titled Tuesday Blitz October 18 Late 2022"]
[White "Fernandez De La Vara, Arnaldo"]
[Black "Celestino, Rafael Teixeira"]
[WhiteFideId "3518388"]
[BlackFideId "2108925"]
[WhiteElo "2387"]
[BlackElo "2382"]
[Result "1-0"]
[Round "11"]
[TimeControl "180+1"]
[Date "2022.10.19"]
[WhiteClock "0:01:25"]
[BlackClock "0:00:43"]

1. Nf3 Nf6 2. b3 d5 3. Bb2 c5 4. g3 Nc6 5. Bg2 Bg4 6. O-O Qd7 7. d4 Bh3 8. dxc5 h5 9. c4 Bxg2 10. Kxg2 h4 11. Bxf6 gxf6 12. cxd5 hxg3 13. dxc6 Qh3+ 14. Kg1 Rd8 15. cxb7 gxh2+ 16. Kh1 Rg8 17. Qxd8+ Kxd8 18. b8=Q+ Kd7 19. Rd1+ Kc6 20. Nd4+ Kxc5 21. Qb5+ Kd6 22. Nf5+ Ke6 23. Qd5# 1-0


[Site "https://www.chess.com"]

[Event "Titled Tuesday Blitz October 18 Late 2022"]
[White "Gabrielian, Artur"]
[Black "Pakleza, Zbigniew"]
[WhiteFideId "4131002"]
[BlackFideId "1119290"]
[WhiteElo "2432"]
[BlackElo "2411"]
[Result "0-1"]
[Round "11"]
[TimeControl "180+1"]
[Date "2022.10.18"]
[WhiteClock "0:00:01"]
[BlackClock "0:00:03"]

1. e4 d6 2. d4 Nf6 3. Nc3 c6 4. Nf3 Bg4 5. h3 Bh5 6. g4 Bg6 7. Qe2 e6 8. g5 Nh5 9. Nh4 Be7 10. Rg1 e5 11. d5 Nd7 12. Nf5 O-O 13. h4 Re8 14. Be3 Bf8 15. O-O-O Qa5 16. Kb1 cxd5 17. Nxd5 Rac8 18. Qb5 Qd8 19. Qxb7 Nc5 20. Bxc5 Rxc5 21. Bb5 Re6 22. Bd7 Kh8 23. f3 a5 24. Rd3 Nf4 25. Nxf4 exf4 26. Bxe6 fxe6 27. Nd4 Qe8 28. Rgd1 d5 29. h5 dxe4 30. fxe4 Bxh5 31. Rh1 Rxg5 32. Nc6 Qg6 33. a3 Rg1+ 34. Rxg1 Qxg1+ 35. Ka2 h6 36. Qb8 Qc5 37. Rd8 Qc4+ 38. Ka1 Qf1+ 39. Ka2 Qc4+ 40. Qb3 Qxc6 41. Rxf8+ Kh7 42. Rxf4 Bg6 43. e5 Bxc2 44. Qf3 Qb5 45. Qc3 Bg6 46. Rd4 a4 47. b4 axb3+ 48. Kb2 Qxe5 49. Kxb3 Qf5 50. Kb4 e5 51. Rd6 Qf8 52. Qc5 e4 53. Rd7 Qf3 54. Qd4 Qf8+ 55. Ka5 Qg8 56. a4 Qa8+ 57. Kb6 Qf8 58. a5 e3 59. Qxe3 Qb4+ 60. Ka6 Qc4+ 0-1


[Site "https://www.chess.com"]